[Event "41st Amateur D7"]
[Site "ChessGUI4"]
[Date "2013.07.05"]
[Round "8.4"]
[White "Gibbon 2.57a 64-bit"]
[Black "FireFly 2.6.0 64-bit"]
[Result "1/2-1/2"]
[BlackElo "2258"]
[ECO "D67"]
[EventDate "2013.??.??"]
[TimeControl "40/1500:40/1500:40/1500"]
[WhiteElo "2251"]

{ i5 Quad } 1.d4 d5 2.c4 c6 3.Nf3 Nf6 4.Nc3 e6 5.Bg5 Be7 6.e3 O-O 7.Bd3 Nbd7 8.O-O dxc4 9.Bxc4 Nd5 { [%eval -60,12] [%emt 0:00:57] (Nd5) } 10.Bxe7
{ [%eval 30,14] [%emt 0:00:47] (Bxe7) } 10...Qxe7
{ [%eval -68,12] [%emt 0:00:56] (Qxe7) } 11.Rc1
{ [%eval 35,14] [%emt 0:00:54] (Qd2) } 11...Rd8
{ [%eval -74,11] [%emt 0:00:56] (Qb4) } 12.Qb3
{ [%eval 35,13] [%emt 0:00:25] (e4) } 12...N7b6
{ [%eval -60,11] [%emt 0:00:55] (N7b6) } 13.Bd3
{ [%eval 36, 13] [%emt 0:00:39] (Nxd5) } 13...Nb4
{ [%eval -68,12] [%emt 0:00:54] (Bd7) } 14.Be2
{ [%eval 38,14] [%emt 0:00:45] (Be2) } 14...Qf8
{ [%eval -78,11] [%emt 0:00:53] (N4d5) } 15.a3
{ [%eval 52,13] [%emt 0:00:19] (Rfe1) } 15...N4d5
{ [%eval -71,12] [%emt 0:00: 52] (N4d5) } 16.Bd3
{ [%eval 52,13] [%emt 0:00:26] (Bd3) } 16...Ne7
{ [%eval -78,11] [%emt 0:00:52] (Nxc3) } 17.Rfd1
{ [%eval 62,13] [%emt 0:00:44] (Rfd1) } 17...Ng6
{ [%eval -80,12] [%emt 0:00:51] (Ng6) } 18.Bxg6
{ [%eval 62,14] [%emt 0:00:54] (a4) } 18...hxg6
{ [%eval -84,12] [%emt 0:00:41] (hxg6) } 19.Ne5
{ [%eval 65,14] [%emt 0:00:23] (e4) } 19...Qe7
{ [%eval -74,12] [%emt 0:00:41] (Qe7) } 20.Ne4
{ [%eval 63,14] [%emt 0:00:56] (e4) } 20...Nd7
{ [%eval -85,11] [%emt 0:00:41] (Nd5) } 21.f4
{ [%eval 66,13] [%emt 0:00:19] (Qc3) } 21...Nf8
{ [%eval -74,11] [%emt 0:00:40] (Nb6) } 22.Kh1
{ [%eval 68,12] [%emt 0:00:28] (a4) } 22...f6
{ [%eval -54,11] [%emt 0:00:40] (Rd5) } 23.Nd3
{ [%eval 85,13] [%emt 0:00:20] (Nf3) } 23...Qd7
{ [%eval -60,11] [%emt 0:00:40] (Rd5) } 24.Nb4
{ [%eval 86,12] [%emt 0:00:15] (Qc2) } 24...a5
{ [%eval -60,12] [%emt 0: 00:39] (Qc7) } 25.Nd3
{ [%eval 68,14] [%emt 0:00:34] (Nd3) } 25...Qc7
{ [%eval -59,12] [%emt 0:00:39] (Qc7) } 26.Nc3
{ [%eval 60,13] [%emt 0:00:34] (Qc4) } 26...b6
{ [%eval -60,11] [%emt 0:00:38] (b6) } 27.d5
{ [%eval 49,12] [%emt 0:00:13] (d5) } 27...cxd5
{ [%eval -52,12] [%emt 0:00:38] (c5) } 28.Nxd5
{ [%eval 65,14] [%emt 0:00:18] (Nxd5) } 28...Qb7
{ [%eval -52,13] [%emt 0:00:37] (Qb7) } 29.Nc7
{ [%eval 70,14] [%emt 0:00:17] (Nc7) } 29...Rb8
{ [%eval -50,12] [%emt 0:00:37] (a4) } 30.Qc3
{ [%eval 55,13] [%emt 0:00:29] (Qc3) } 30...Bd7
{ [%eval -46,12] [%emt 0:00:36] (Rd6) } 31.Nf2
{ [%eval 60,13] [%emt 0:00:14] (Nf2) } 31...Rdc8
{ [%eval -35,11] [%emt 0:00:36] (Rdc8) } 32.Rd4
{ [%eval 69,13] [%emt 0:00:20] (Qc2) } 32...b5
{ [%eval -21,11] [%emt 0:00:35] (Qa7) } 33.Ne4
{ [%eval 58,13] [%emt 0:00:29] (Qc5) } 33...e5
{ [%eval -42,12] [%emt 0: 00:42] (Bc6) } 34.fxe5
{ [%eval 103,12] [%emt 0:00:10] (fxe5) } 34...b4
{ [%eval -84, 12] [%emt 0:00:33] (fxe5) } 35.axb4
{ [%eval 134,12] [%emt 0:00:15] (axb4) } 35...axb4
{ [%eval -66,12] [%emt 0:00:33] (axb4) } 36.Qc4+
{ [%eval 121,13] [%emt 0:00:12] (Qc4) } 36...Be6
{ [%eval -89,13] [%emt 0:00:26] (Be6) } 37.Qc5
{ [%eval 110,14] [%emt 0:00:22] (Nd6) } 37...Rxc7
{ [%eval -39,12] [%emt 0:00:26] (Rxc7) } 38.Qxc7
{ [%eval 119,14] [%emt 0:00:05] (Qxc7) } 38...Rc8
{ [%eval 0,12] [%emt 0:00:26] (Rc8) } 39.Qxc8
{ [%eval 98,15] [%emt 0:00:07] (Qxc8) } 39...Bxc8
{ [%eval 8,12] [%emt 0:00:26] (Bxc8) } 40.Nd6
{ [%eval 110,14] [%emt 0:00:03] (Nd6) } 40...Qe7
{ [%eval 0,13] [%emt 0:00:26] (Qe7) } 41.Rxc8
{ [%eval 96,17] [%emt 0:01:21] (Rxc8) } 41...Qxe5
{ [%eval -40,14] [%emt 0:00:35] (Qxe5) } 42.h3
{ [%eval 93,17] [%emt 0:01:30] (h3) } 42...Qe6
{ [%eval -44,14] [%emt 0:00:35] (Qe6) } 43.Rd8
{ [%eval 95,16] [%emt 0:00:44] (Re8) } 43...Qe7
{ [%eval -44,15] [%emt 0:00:35] (Qe7) } 44.Rc8
{ [%eval 98,15] [%emt 0:00:32] (Re8) } 44...Qe6
{ [%eval 0,15] [%emt 0:00:35] (Qe6) } 45.Rd8
{ [%eval 92,16] [%emt 0: 00:41] (Rxb4) } 45...Qe7
{ [%eval 0,16] [%emt 0:00:35] (Qe7) } 46.Re8
{ [%eval 96,16] [%emt 0:00:58] (Rxb4) } 46...Qd7
{ [%eval -44,13] [%emt 0:00:35] (Qd7) } 47.Kh2
{ [%eval 115,16] [%emt 0:00:28] (Nb5) } 47...g5
{ [%eval -33,13] [%emt 0:00:35] (g5) } 48.Kg3
{ [%eval 111,16] [%emt 0:01:29] (e4) } 48...Qc7
{ [%eval -51,13] [%emt 0:00:35] (f5) } 49.Rc8
{ [%eval 121,16] [%emt 0:00:51] (Rc8) } 49...Qe7
{ [%eval -51,13] [%emt 0:00:35] (Qa7) } 50.Kf3
{ [%eval 116,16] [%emt 0:01:33] (Kf2) } 50...g6
{ [%eval -51, 12] [%emt 0:00:35] (Qd7) } 51.Rb8
{ [%eval 133,14] [%emt 0:00:38] (Rb8) } 51...Qc7
{ [%eval -55,12] [%emt 0:00:35] (Qc7) } 52.Rbxb4
{ [%eval 137,13] [%emt 0:00:17] (Rbxb4) } 52...Qc6+
{ [%eval -24,12] [%emt 0:00:35] (Nd7) } 53.Kg3
{ [%eval 102,16] [%emt 0:00:49] (Kf2) } 53...Qc1
{ [%eval 0,13] [%emt 0:00:35] (Qc1) } 54.Rb3
{ [%eval 115,15] [%emt 0:00:34] (Kf2) } 54...Qe1+
{ [%eval 0,12] [%emt 0:00:35] (Qe1) } 55.Kh2
{ [%eval 125,16] [%emt 0:00:48] (Kh2) } 55...f5
{ [%eval 0,13] [%emt 0:00:35] (f5) } 56.e4
{ [%eval 95,15] [%emt 0:01:02] (e4) } 56...g4
{ [%eval 0,13] [%emt 0:00:35] (13) } 57.hxg4
{ [%eval 41,13] [%emt 0:00:33] (hxg4) } 57...Qh4+
{ [%eval 0,12] [%emt 0:00: 35] (Qh4) } 58.Rh3
{ [%eval 36,16] [%emt 0:00:21] (Kg1) } 58...Qf2
{ [%eval 90,12] [%emt 0:00:35] (Qf2) } 59.Rd1
{ [%eval 41,15] [%emt 0:00:22] (Rhd3) } 59...Qf4+
{ [%eval 91,12] [%emt 0:00:35] (Qf4) } 60.Rg3
{ [%eval 34,16] [%emt 0:00:56] (Rg3) } 60...Nd7
{ [%eval 136,13] [%emt 0:00:35] (fxe4) } 61.Nxf5
{ [%eval 58,14] [%emt 0: 00:26] (Nxf5) } 61...Nf6
{ [%eval 196,13] [%emt 0:00:35] (Nf6) } 62.Kg1
{ [%eval 22,15] [%emt 0:00:28] (Kg1) } 62...gxf5
{ [%eval 243,13] [%emt 0:00:35] (gxf5) } 63.Rf3
{ [%eval -14,14] [%emt 0:00:14] (Rf3) } 63...Qc7
{ [%eval 256,12] [%emt 0:00:35] (Qb8) } 64.gxf5
{ [%eval 11,14] [%emt 0:00:14] (Rxf5) } 64...Ng4
{ [%eval 330,13] [%emt 0:00: 35] (Nxe4) } 65.Kf1
{ [%eval -85,15] [%emt 0:00:17] (Kf1) } 65...Qc2
{ [%eval 350,12] [%emt 0:00:22] (Qc2) } 66.Re1
{ [%eval -82,14] [%emt 0:00:16] (Ke1) } 66...Nh2+
{ [%eval 424,13] [%emt 0:00:22] (Nh2) } 67.Kg1
{ [%eval -82,12] [%emt 0:00:00] (Kg1) } 67...Nxf3+
{ [%eval 414,14] [%emt 0:00:23] (Nxf3) } 68.gxf3
{ [%eval -91,17] [%emt 0:00:03] (gxf3) } 68...Qxb2
{ [%eval 408,15] [%emt 0:00:23] (Qxb2) } 69.Kf1
{ [%eval -117,20] [%emt 0:00:35] (Kf1) } 69...Kf7
{ [%eval 412,15] [%emt 0:00:24] (Kf7) } 70.Re2
{ [%eval -117,19] [%emt 0:00:18] (Re2) } 70...Qc1+
{ [%eval 420,14] [%emt 0:00: 24] (Qc1) } 71.Re1
{ [%eval -132,20] [%emt 0:01:07] (Re1) } 71...Qd2
{ [%eval 419,15] [%emt 0:00:25] (Qd2) } 72.Re2
{ [%eval -132,19] [%emt 0:00:13] (Re2) } 72...Qf4
{ [%eval 420,14] [%emt 0:00:25] (Qg5) } 73.Kf2
{ [%eval -153,19] [%emt 0:00:18] (Kf2) } 73...Kf6
{ [%eval 420,15] [%emt 0:00:26] (Kf6) } 74.e5+
{ [%eval -125,19] [%emt 0:00:17] (e5) } 74...Kxf5
{ [%eval 420,14] [%emt 0:00:27] (Kxf5) } 75.e6
{ [%eval -125,21] [%emt 0:00:22] (e6) } 75...Qh2+
{ [%eval 420,14] [%emt 0:00:27] (Qh2) } 76.Ke1
{ [%eval -132,22] [%emt 0:00:40] (Kf1) } 76...Qg1+
{ [%eval 420,13] [%emt 0:00: 28] (Qh4) } 77.Kd2
{ [%eval -132,18] [%emt 0:00:02] (Kd2) } 77...Qd4+
{ [%eval 380,13] [%emt 0:00:29] (Qd4) } 78.Kc2
{ [%eval -132,21] [%emt 0:00:14] (Ke1) } 78...Qa4+
{ [%eval 380,13] [%emt 0:00:30] (Qc5) } 79.Kd2
{ [%eval -132,22] [%emt 0:00:28] (Kd2) } 79...Qb4+
{ [%eval 380,13] [%emt 0:00:32] (Qb4) } 80.Kd1
{ [%eval -125,20] [%emt 0:00:19] (Kd1) } 80...Qb1+
{ [%eval 380,13] [%emt 0:00:33] (Qd6) } 81.Kd2
{ [%eval -125,18] [%emt 0:00:00] (Kd2) } 81...Qb2+
{ [%eval 380,13] [%emt 0:00:25] (Qb2) } 82.Ke1
{ [%eval -121,23] [%emt 0:02:20] (Ke1) } 82...Qc1+
{ [%eval 380,15] [%emt 0: 00:25] (Qc1) } 83.Kf2
{ [%eval -121,19] [%emt 0:00:02] (Kf2) } 83...Qc5+
{ [%eval 380, 14] [%emt 0:00:25] (Qc5) } 84.Kf1
{ [%eval -125,23] [%emt 0:00:45] (Kf1) } 84...Qe7
{ [%eval 280,14] [%emt 0:00:41] (Qe7) } 85.Kf2 Kf6
{ [%eval 354,13] [%emt 0:00:25] (Kg6) } 86.Kf1
{ [%eval -125,21] [%emt 0:00: 53] (Kf1) } 86...Kg7
{ [%eval 353,14] [%emt 0:00:26] (Kg7) } 87.Ke1
{ [%eval -125,21] [%emt 0:00:37] (Re4) } 87...Kg6
{ [%eval 353,14] [%emt 0:00:38] (Kf8) } 88.Re4
{ [%eval -125,21] [%emt 0:00:51] (Re4) } 88...Kf6
{ [%eval 353,14] [%emt 0:00:26] (Kf6) } 89.Ke2
{ [%eval -120,22] [%emt 0:00:38] (Ke2) } 89...Kf5
{ [%eval 353,13] [%emt 0:00: 26] (Kg7) } 90.Kf1
{ [%eval -120,20] [%emt 0:00:50] (Re3) } 90...Qa3
{ [%eval 352,13] [%emt 0:00:26] (Kg5) } 91.Ke2
{ [%eval -25,21] [%emt 0:01:01] (Re2) } 91...Qa6+
{ [%eval 265,13] [%emt 0:00:43] (Qb2) } 92.Kf2
{ [%eval -23,22] [%emt 0:00:49] (Kf2) } 92...Qa7+
{ [%eval 265,13] [%emt 0:00:43] (Qa2) } 93.Ke2
{ [%eval -31,21] [%emt 0:00:28] (Kg2) } 93...Qa2+
{ [%eval 265,12] [%emt 0:00:43] (Qa2) } 94.Kf1
{ [%eval -31,23] [%emt 0:01:49] (Kf1) } 94...Qb3
{ [%eval 253,14] [%emt 0:00:43] (Qb3) } 95.Kf2
{ [%eval -32,20] [%emt 0:00:22] (Kf2) } 95...Qb2+
{ [%eval 254,13] [%emt 0:00: 43] (Qb6) } 96.Ke3
{ [%eval -35,21] [%emt 0:00:31] (Kg3) } 96...Qb6+
{ [%eval 210,13] [%emt 0:00:43] (Qc1) } 97.Ke2
{ [%eval -30,22] [%emt 0:00:34] (Ke2) } 97...Qb5+
{ [%eval 210,14] [%emt 0:00:43] (Qb5) } 98.Ke1
{ [%eval -24,23] [%emt 0:00:56] (Ke3) } 98...Qb1+
{ [%eval 210,13] [%emt 0:00:43] (Kf6) } 99.Ke2
{ [%eval 0,22] [%emt 0:00:55] (Kd2) } 99...Qc2+
{ [%eval 110,12] [%emt 0:00:43] (Qc2) } 100.Ke3
{ [%eval 0, 22] [%emt 0:00:42] (Ke3) } 100...Qc6
{ [%eval 110,13] [%emt 0:00:43] (Qc5) } 101.e7
{ [%eval 0,22] [%emt 0:00:28] (e7) } 101...Qe8
{ [%eval 9,14] [%emt 0:00:44] (Qe8) } 102.Kf2
{ [%eval 0,22] [%emt 0:00:14] (Rf4) } 102...Kg6
{ [%eval 0,14] [%emt 0:00:43] (Kg6) } 103.Rg4+
{ [%eval 0,23] [%emt 0:00:17] (Re6) } 103...Kf6
{ [%eval 0,14] [%emt 0:00:43] (Kf5) } 104.Rf4+
{ [%eval 0,24] [%emt 0:00:26] (Re4) } 104...Ke6
{ [%eval 0,13] [%emt 0: 00:43] (Kg7) } 105.Re4+
{ [%eval 0,22] [%emt 0:00:17] (Re4) } 105...Kf7
{ [%eval 0,14] [%emt 0:00:43] (Kf7) } 106.Rf4+
{ [%eval 0,24] [%emt 0:00:35] (Re3) } 106...Kg7
{ [%eval 0,14] [%emt 0:00:43] (Kg7) } 107.Rg4+
{ [%eval 0,24] [%emt 0:00:17] (Rg4) } 107...Kh7
{ [%eval 0,13] [%emt 0:00:43] (Kh8) } 108.Re4
{ [%eval 0,24] [%emt 0:00:24] (Re4) } 108...Kg7
{ [%eval 0,13] [%emt 0:00:43] (Kg6) } 109.Rg4+
{ [%eval 0,25] [%emt 0: 00:41] (Kg1) } 109...Kh7
{ [%eval 0,15] [%emt 0:00:43] (Kh8) } 110.Re4
{ [%eval 0,24] [%emt 0:00:29] (Re4) } 110...Kh6
{ [%eval 0,14] [%emt 0:00:43] (Kg6) } 111.Rh4+
{ [%eval 0,23] [%emt 0:00:17] (Re3) } 1/2-1/2

[Event "41st Amateur D7"]
[Site "ChessGUI4"]
[Date "2013.07.05"]
[Round "8.5"]
[White "Butcher 1.64 64-bit"]
[Black "Tigran 2.3 64-bit"]
[Result "1-0"]
[BlackElo "2289"]
[ECO "A04"]
[EventDate "2013.??.??"]
[TimeControl "40/1500:40/1500:40/1500"]
[WhiteElo "2355"]

{ i5 Quad } 1.Nf3 f5 2.g3 Nf6 3.Bg2 g6 4.b3 Bg7 5.Bb2 O-O 6.O-O d6 7.d4 Qe8 8.c4 Nh5 9.Ne1 f4
{ [%eval 3,13] [%emt 0:00:37] (Na6) } 10.Nd3
{ [%eval 38,11] [%emt 0:01:00] (Nc3) } 10...Nc6
{ [%eval 4,12] [%emt 0: 00:36] (Na6) } 11.e3
{ [%eval 47,11] [%emt 0:00:59] (e3) } 11...fxe3
{ [%eval -4,12] [%emt 0:00:43] (fxe3) } 12.fxe3
{ [%eval 39,10] [%emt 0:00:56] (fxe3) } 12...Rxf1+
{ [%eval -16,12] [%emt 0:00:40] (Rxf1) } 13.Qxf1
{ [%eval 35,12] [%emt 0:01:04] (Qxf1) } 13...Bf5
{ [%eval -24,12] [%emt 0:00:43] (e5) } 14.Nf2
{ [%eval 97,11] [%emt 0:01:03] (Nc3) } 14...Qc8
{ [%eval -9,12] [%emt 0:00:43] (Bxb1) } 15.Qe2
{ [%eval 96, 11] [%emt 0:01:02] (Qe2) } 15...Nf6
{ [%eval -20,13] [%emt 0:00:43] (Bd7) } 16.d5
{ [%eval 90,11] [%emt 0:01:01] (Nc3) } 16...Ne5
{ [%eval -35,14] [%emt 0:00:39] (Nd8) } 17.e4
{ [%eval 87,11] [%emt 0:01:00] (Bxe5) } 17...Bg4
{ [%eval -16,13] [%emt 0:00:38] (Bg4) } 18.Qc2
{ [%eval 42,11] [%emt 0:00:59] (Nxg4) } 18...Nf3+
{ [%eval -4,13] [%emt 0:00:35] (Nf3) } 19.Bxf3
{ [%eval 39,12] [%emt 0:00:58] (Bxf3) } 19...Bxf3
{ [%eval 12, 15] [%emt 0:00:43] (Bxf3) } 20.Nd2
{ [%eval 48,12] [%emt 0:01:39] (Nd2) } 20...Bh5
{ [%eval 12,14] [%emt 0:00:45] (Bg4) } 21.h3
{ [%eval 43,12] [%emt 0:00:45] (h3) } 21...g5
{ [%eval -6,15] [%emt 0:00:46] (g5) } 22.g4
{ [%eval 61,11] [%emt 0:00:45] (g4) } 22...Bg6
{ [%eval -20,15] [%emt 0:00:45] (Bg6) } 23.Nf3
{ [%eval 55,11] [%emt 0: 00:40] (Nf3) } 23...h6
{ [%eval -20,14] [%emt 0:00:46] (h6) } 24.Rf1
{ [%eval 48,11] [%emt 0:00:44] (Nd4) } 24...c5
{ [%eval 7,14] [%emt 0:00:46] (c5) } 25.dxc6
{ [%eval 23,10] [%emt 0:00:43] (Bxf6) } 25...bxc6
{ [%eval 3,13] [%emt 0:00:46] (bxc6) } 26.Nd4
{ [%eval 26,10] [%emt 0:00:39] (Qe2) } 26...e6
{ [%eval 24,13] [%emt 0:00:46] (e6) } 27.Qe2
{ [%eval 31,11] [%emt 0:00:41] (Qe2) } 27...a5
{ [%eval 24,12] [%emt 0:00:40] (Qd7) } 28.Nf3
{ [%eval 71,11] [%emt 0:00:41] (e5) } 28...a4
{ [%eval -5,13] [%emt 0:00:48] (Nd7) } 29.e5
{ [%eval 122,11] [%emt 0:00:40] (e5) } 29...dxe5
{ [%eval -15,14] [%emt 0:00:48] (dxe5) } 30.Bxe5
{ [%eval 120,11] [%emt 0:00:33] (Nxe5) } 30...axb3
{ [%eval 6,13] [%emt 0:00:46] (axb3) } 31.axb3
{ [%eval 100,11] [%emt 0:00:39] (axb3) } 31...Ra7
{ [%eval -1,12] [%emt 0:00:49] (c5) } 32.b4
{ [%eval 106,11] [%emt 0:01:06] (Re1) } 32...Qe8
{ [%eval -10,12] [%emt 0:00:50] (Rb7) } 33.Nd4
{ [%eval 111,10] [%emt 0:00:27] (Nd4) } 33...Rf7
{ [%eval -28,12] [%emt 0:00:50] (Rf7) } 34.Nd3
{ [%eval 129, 10] [%emt 0:00:25] (Nd3) } 34...Nxg4
{ [%eval -76,14] [%emt 0:00:51] (Nxg4) } 35.Bxg7
{ [%eval 230,11] [%emt 0:00:24] (Bxg7) } 35...Rxf1+
{ [%eval -85,15] [%emt 0:00:51] (Rxf1) } 36.Qxf1
{ [%eval 198,12] [%emt 0:00:23] (Qxf1) } 36...Kxg7
{ [%eval -70,15] [%emt 0:00:45] (Kxg7) } 37.hxg4
{ [%eval 208,12] [%emt 0:00:21] (Nc5) } 37...Qd7
{ [%eval -58,16] [%emt 0:00:56] (Qd7) } 38.Qa1
{ [%eval 125,13] [%emt 0:00:20] (Qa1) } 38...Bxd3
{ [%eval -51,16] [%emt 0:00:57] (Bxd3) } 39.Nxc6+
{ [%eval 151,13] [%emt 0:00:19] (Nxc6) } 39...Kg8
{ [%eval -73,16] [%emt 0:01:00] (Kg8) } 40.Ne5
{ [%eval 191,13] [%emt 0:00:14] (Ne5) } 40...Qd6
{ [%eval -56,16] [%emt 0:01:06] (Qd8) } 41.Qa8+
{ [%eval 216,14] [%emt 0:00:49] (Qa8) } 41...Kg7
{ [%eval -27,14] [%emt 0:00: 34] (Kg7) } 42.Qa1
{ [%eval 200,14] [%emt 0:00:48] (Qa7) } 42...Kg8
{ [%eval 0,16] [%emt 0:00:34] (Kg8) } 43.c5
{ [%eval 165,14] [%emt 0:00:48] (Qa8) } 43...Qd8
{ [%eval -45,13] [%emt 0:00:34] (Qd8) } 44.Kf2
{ [%eval 172,13] [%emt 0:01:18] (Kf2) } 44...Qd5
{ [%eval -35,13] [%emt 0:00:29] (Bb5) } 45.c6
{ [%eval 217,13] [%emt 0:00:47] (c6) } 45...Ba6
{ [%eval -33,12] [%emt 0:00:34] (Ba6) } 46.Qc3
{ [%eval 213, 13] [%emt 0:00:51] (Qe1) } 46...h5
{ [%eval -59,13] [%emt 0:00:34] (h5) } 47.gxh5
{ [%eval 236,13] [%emt 0:00:47] (gxh5) } 47...Qh1
{ [%eval -86,13] [%emt 0:00:28] (Qh1) } 48.Qg3
{ [%eval 242,13] [%emt 0:00:42] (Qg3) } 48...Qf1+
{ [%eval -100,12] [%emt 0:00: 34] (Kh7) } 49.Ke3
{ [%eval 287,8] [%emt 0:00:00] (Ke3) } 49...Qc1+
{ [%eval -116,12] [%emt 0:00:35] (Qe2) } 50.Kd4
{ [%eval 318,13] [%emt 0:00:46] (Kd4) } 50...Kg7
{ [%eval -141,12] [%emt 0:00:35] (Be2) } 51.Qe3
{ [%eval 530,13] [%emt 0:00:51] (h6) } 51...Qb2+
{ [%eval -320,12] [%emt 0:00:32] (Qd1) } 52.Kc5
{ [%eval 748,13] [%emt 0:00:50] (Kc5) } 52...Qg2
{ [%eval -450,12] [%emt 0:00:35] (Kh7) } 53.Kb6
{ [%eval 1055,13] [%emt 0:00:49] (Kb6) } 53...Bc8
{ [%eval -710,13] [%emt 0:00:35] (Bc8) } 54.b5
{ [%eval 1105,13] [%emt 0:00:42] (Qc5) } 54...Kf6
{ [%eval -1097,13] [%emt 0: 00:30] (Kf6) } 55.Qd4
{ [%eval 1217,12] [%emt 0:00:41] (Kc7) } 55...Qf1
{ [%eval -1169, 12] [%emt 0:00:31] (Qf1) } 56.h6
{ [%eval 1360,12] [%emt 0:00:41] (Ng4) } 56...Qf4
{ [%eval -1574,14] [%emt 0:00:36] (Qf4) } 1-0